 Dungeon Sprint DCSS version 0.28-a0-1616-g050a50673c (webtiles) character file.

Game seed: 12543859069084652093

1887 mhtbhm the Impaler (level 9, -2/127 HPs)
             Began as a Merfolk Berserker on Jan 22, 2022.
             Was a High Priest of Trog.
             Slain by an 11-headed hydra (6 damage)
             ... in the Dungeon (Sprint IX: "|||||||||||||||||||||||||||||").
             The game lasted 00:01:26 (621 turns).

mhtbhm the Impaler (Merfolk Berserker)               Turns: 621, Time: 00:01:26

Health: -2/127     AC: 13    Str: 22    XL:     9   Next: 14%
Magic:  9/9        EV: 11    Int: 12    God:    Trog [*****.]
Gold:   0          SH:  0    Dex: 13    Spells: 8/8 levels left

rFire   . . .      SeeInvis .   a - +2 halberd (venom)
rCold   . . .      Faith    .   (shield currently unavailable)
rNeg    . . .      Spirit   .   b - +1 chain mail
rPois   .          Reflect  .   (no helmet)
rElec   .          Harm     .   k - +0 cloak
rCorr   .          Rampage  .   l - +0 pair of gloves
Will    .....      NoTele   +   (no boots)
Stlth   ..........              (no amulet)
HPRegen 0.31/turn               m - +3 ring of intelligence
MPRegen 0.11/turn               n - +3 ring of intelligence

@: berserking, very quick
A: (nimble swimmer 2), mertail
a: Renounce Religion, Berserk, Trog's Hand, Brothers in Arms


You were in the Dungeon.
You worshipped Trog.
Trog was extremely pleased with you.
You visited 1 branch

Inventory:

Hand Weapons
 a - a +2 halberd of venom (weapon)
Armour
 b - a +1 chain mail (worn)
 k - a +0 cloak (worn)
 l - a +0 pair of gloves (worn)
Jewellery
 m - a +3 ring of intelligence (left hand)
 n - a +3 ring of intelligence (right hand)
Wands
 j - a wand of iceblast (8)
Scrolls
 h - 2 scrolls of blinking
Potions
 c - 5 potions of curing
 d - 3 potions of heal wounds
 e - a potion of haste
 f - 4 potions of magic
 g - a potion of berserk rage
 i - a potion of invisibility


   Skills:
 + Level 13.4 Fighting
 + Level 19.2 Polearms
 + Level 5.0 Armour
 + Level 8.0 Dodging


You had 8 spell levels left.
You didn't know any spells.
Your spell library was empty.

Dungeon Overview and Level Annotations

Branches:
Dungeon (1/1)

Altars:
Cheibriados
Dithmenos
Elyvilon
Fedhas
Gozag
Hepliaklqana
Kikubaaqudgha
Makhleb
Nemelex Xobeh
Okawaru
Qazlal
Ru
Sif Muna
Trog
Uskayaw
Vehumet
Wu Jian
Xom
Yredelemnul
Zin
The Shining One
Beogh
Jiyva
Lugonu


Innate Abilities, Weirdness & Mutations

((You are very nimble when in or above water. (Stealth+, EV+, Speed+++)))
Your lower body shifts to a powerful aquatic tail in water.


Message History

The seven-headed hydra is lightly wounded.
The seven-headed hydra bites you.
The seven-headed hydra bites you but does no damage. x2
The seven-headed hydra misses you. The seven-headed hydra bites you. x2
The seven-headed hydra closely misses you.
You lop one of the seven-headed hydra's heads off!
The six-headed hydra grows two more!
You slice the eight-headed hydra!!
The eight-headed hydra is moderately wounded.
Unknown command.
Press < or > to pray at altars.
You hack one of the eight-headed hydra's heads off!
The seven-headed hydra grows two more!
You puncture the nine-headed hydra!
The nine-headed hydra is moderately wounded.
Unknown command.
Press < or > to pray at altars.
You lop one of the nine-headed hydra's heads off!
The eight-headed hydra grows two more!
You slice the ten-headed hydra!!
The ten-headed hydra is heavily wounded.
The ten-headed hydra bites you but does no damage.
The ten-headed hydra bites you. The ten-headed hydra bites you!
The ten-headed hydra bites you but does no damage.
The ten-headed hydra bites you!
* * * LOW HITPOINT WARNING * * *
The ten-headed hydra bites you but does no damage.
The ten-headed hydra bites you.
* * * LOW HITPOINT WARNING * * *
The ten-headed hydra bites you but does no damage. x2
The ten-headed hydra barely misses you.
You slice one of the ten-headed hydra's heads off!
The nine-headed hydra grows two more!
You slice the 11-headed hydra!!
The 11-headed hydra is heavily wounded.
You barely miss the 11-headed hydra.
The 11-headed hydra is heavily wounded.
The 11-headed hydra bites you!
* * * LOW HITPOINT WARNING * * *
The 11-headed hydra bites you!
* * * LOW HITPOINT WARNING * * *
The 11-headed hydra bites you but does no damage.
The 11-headed hydra bites you.
You die... ▓▓▓▓▓▓▓▓▓▓▓▓▓▓▓▓▓▓▓▓▓▓▓▓▓▓▓▓▓▓▓▓▓ ________________@DW.?)..[...).... ▓▓▓▓▓▓▓▓▓▓▓▓▓▓▓▓▓▓▓▓▓▓▓▓▓▓▓▓▓▓▓▓▓

You could see a 11-headed hydra and a wraith.

Vanquished Creatures
  A two-headed ogre (D)
  A gargoyle (D)
  2 trolls (D)
  A shadow (D)
  A vampire mosquito (D)
  An orc warrior (D)
  A centaur (D)
  A killer bee (D)
  A howler monkey (D)
  A hound (D)
  A jelly (D)
  An adder (D)
  A worm (D)
  An endoplasm (D)
  2 goblins (D)
  A giant cockroach zombie (D)
  2 rats (D)
20 creatures vanquished.

Notes
Turn   | Place    | Note
-------+----------+-------------------------------------------
     0 | D        | mhtbhm the Merfolk Berserker began the quest for the Orb.
     0 | D        | Reached XP level 1. HP: 18/18 MP: 1/1
    12 | D        | Reached skill level 5 in Polearms
    12 | D        | Reached ** piety under Trog
   163 | D        | Noticed a hound
   163 | D        | Noticed a jelly
   167 | D        | Killed a hound
   168 | D        | Reached skill level 5 in Fighting
   168 | D        | Reached skill level 7 in Polearms
   168 | D        | Reached XP level 2. HP: 27/27 MP: 2/2
   168 | D        | Reached XP level 3. HP: 33/33 MP: 3/3
   170 | D        | Reached *** piety under Trog
   175 | D        | Reached skill level 8 in Polearms
   175 | D        | Reached XP level 4. HP: 41/41 MP: 4/4
   234 | D        | Found a snail-covered altar of Cheibriados.
   234 | D        | Found a shadowy altar of Dithmenos.
   234 | D        | Found a white marble altar of Elyvilon.
   234 | D        | Found a blossoming altar of Fedhas.
   234 | D        | Found an opulent altar of Gozag.
   235 | D        | Found a hazy altar of Hepliaklqana.
   236 | D        | Found a viscous altar of Jiyva.
   237 | D        | Found an ancient bone altar of Kikubaaqudgha.
   238 | D        | Found a corrupted altar of Lugonu.
   239 | D        | Found a burning altar of Makhleb.
   240 | D        | Found a sparkling altar of Nemelex Xobeh.
   241 | D        | Found an iron altar of Okawaru.
   242 | D        | Found a stormy altar of Qazlal.
   243 | D        | Found a sacrificial altar of Ru.
   244 | D        | Found a shimmering blue altar of Sif Muna.
   245 | D        | Found a bloodstained altar of Trog.
   246 | D        | Found a hide-covered altar of Uskayaw.
   247 | D        | Found a radiant altar of Vehumet.
   248 | D        | Found an ornate altar of the Wu Jian Council.
   249 | D        | Found a shimmering altar of Xom.
   250 | D        | Found a basalt altar of Yredelemnul.
   251 | D        | Found a glowing silver altar of Zin.
   252 | D        | Found a glowing golden altar of the Shining One.
   306 | D        | Noticed an orc warrior
   306 | D        | Noticed a shadow
   306 | D        | Noticed a troll
   306 | D        | Noticed a vampire mosquito
   312 | D        | Killed an orc warrior
   313 | D        | Reached skill level 10 in Polearms
   313 | D        | Reached skill level 5 in Dodging
   313 | D        | Reached XP level 5. HP: 49/49 MP: 5/5
   313 | D        | Reached **** piety under Trog
   314 | D        | Reached skill level 11 in Polearms
   319 | D        | Killed a shadow
   320 | D        | Reached skill level 13 in Polearms
   320 | D        | Reached XP level 6. HP: 60/60 MP: 6/6
   323 | D        | Reached skill level 10 in Fighting
   325 | D        | Killed a troll
   326 | D        | Reached skill level 15 in Polearms
   326 | D        | Reached XP level 7. HP: 50/67 MP: 7/7
   337 | D        | Killed a vampire mosquito
   337 | D        | Reached ***** piety under Trog
   546 | D        | Noticed a gargoyle
   546 | D        | Noticed a two-headed ogre
   546 | D        | Noticed a troll
   546 | D        | Noticed a wraith
   546 | D        | Noticed a five-headed hydra
   550 | D        | Killed a gargoyle
   551 | D        | Reached skill level 16 in Polearms
   551 | D        | Reached XP level 8. HP: 76/76 MP: 8/8
   558 | D        | Killed a two-headed ogre
   559 | D        | Reached skill level 18 in Polearms
   561 | D        | Reached XP level 9. HP: 63/85 MP: 9/9
   562 | D        | Killed a troll
   563 | D        | Reached skill level 19 in Polearms
   563 | D        | Reached skill level 5 in Armour
   621 | D        | HP: 4/127 [11-headed hydra (12)]
   621 | D        | Slain by an 11-headed hydra

Illustrated notes

Levels and vault maps discovered:
D:        linesprint [early_d, line_temple, items_1, d_10, items_2, lair_1,
          lair_end, items_3, orc_1, orc_end, items_4, d_15, swamp_1, shoals_1,
          snake_1, spider_1, d_20, vaults_1, items_5, swamp_end, shoals_end,
          snake_end, spider_end, vaults_end, d_27, items_6, zot_1, zot_end,
          crypt_end, forest_end, elf_end, slime_end, tomb_end, abyss_end,
          pan_hell_end]

Skill      XL: |  1  2  3  4  5  6  7  8  9 |
---------------+----------------------------+-----
Polearms       | 7 8 10 13 15 16 18 19 | 19.2
Fighting       | 5 6 8 9 10 12 13 | 13.4
Dodging        | 3 4 5 6 7 8 |  8.0
Armour         | 2 3 4 5 |  5.0

Action                   |  1- 3 |  4- 6 |  7- 9 || total
-------------------------+-------+-------+-------++-------
Melee: Spear             |    19 |     6 |       ||    25
       Halberd           |       |    17 |    35 ||    52
Invok: Berserk           |     2 |     1 |     2 ||     5
Evoke: Wand              |       |       |     2 ||     2
Armor: Chain mail        |       |     5 |    25 ||    30
Dodge: Dodged            |     5 |     3 |    17 ||    25

Table legend: (Time is in decaauts)
 A = Elapsed time spent in this place.
 B = Non-inter-level travel time spent in this place.
 C = Inter-level travel time spent in this place.
 D = Time resting spent in this place.
 E = Time spent auto-exploring this place.
 F = Levels seen in this place.
 G = Mean time per level.
                   A        B        C        D        E       F      G
               +--------+--------+--------+--------+--------+-----+--------+
         Total |    634 |    634 |      0 |    458 |      3 |   1 |  634.0 |
       Dungeon |    634 |    634 |      0 |    458 |      3 |   1 |  634.0 |
               +--------+--------+--------+--------+--------+-----+--------+

Top non-repeatable levels by time:
       D: 634 daAuts
